 Dungeon Sprint DCSS version 0.28-a0-628-g3c9886e45e (webtiles) character file.

Game seed: 15025943166785439960

204 SkeletonJelly the Covert (level 6, 0/40 HPs)
             Began as a Kobold Brigand on Oct 8, 2021.
             Slain by a phantom (7 damage)
             ... in the Dungeon (Sprint IX: "|||||||||||||||||||||||||||||").
             The game lasted 00:01:16 (103 turns).

SkeletonJelly the Covert (Kobold Brigand)            Turns: 103, Time: 00:01:17

Health: 0/40       AC:  3    Str:  8    XL:     6   Next: 9%
Magic:  6/6        EV: 17    Int: 13    God:
Gold:   0          SH:  0    Dex: 18    Spells: 5/5 levels left

rFire   . . .      SeeInvis .   a - +2 dagger
rCold   . . .      Faith    .   (shield restricted)
rNeg    . . .      Spirit   .   b - +0 robe
rPois   .          Reflect  .   (no helmet)
rElec   .          Harm     .   c - +0 cloak
rCorr   .          Rampage  .   (no gloves)
Will    .....      NoTele   +   (no boots)
Stlth   ++++++....              (no amulet)
HPRegen 0.13/turn               (no ring)
MPRegen 0.10/turn               (no ring)

@: no status effects
A: small, no large weapons, nightstalker 3
a: no special abilities


You were in the Dungeon.
You visited 1 branch

Inventory:

Hand Weapons
 a - a +2 dagger (weapon)
Missiles
 d - 2 poisoned darts (quivered)
Armour
 b - a +0 robe (worn)
 c - a +0 cloak (worn)
Scrolls
 k - a scroll of blinking
Potions
 f - a potion of curing
 g - a potion of heal wounds
 h - a potion of haste
 i - 2 potions of magic
 j - a potion of berserk rage


   Skills:
 + Level 5.4 Fighting
 * Level 9.1 Short Blades
 - Level 2.1 Throwing
 + Level 5.6 Dodging
 * Level 10.8 Stealth


You had 5 spell levels left.
You didn't know any spells.
Your spell library was empty.

Dungeon Overview and Level Annotations

Branches:
Dungeon (1/1)

Altars:


Innate Abilities, Weirdness & Mutations

You are small and have problems with some larger weapons.
You are completely attuned to the shadows.


Message History

You aren't carrying any items that you can evoke.
Throw: 5 darts (poison)
Press: ? - help, Q - select action Shift-Dir - straight line, f/p - ogre
Aim: an ogre, wielding a +0 giant club (moderately wounded, very poisoned, slow, 77% to hit)
You throw a poisoned dart. The poisoned dart hits the ogre.
The ogre looks even sicker.
The ogre is moderately wounded.
Throw: 4 darts (poison)
Press: ? - help, Q - select action Shift-Dir - straight line, f/p - ogre
Aim: an ogre, wielding a +0 giant club (moderately wounded, very poisoned, slow, 77% to hit)
You throw a poisoned dart. The poisoned dart hits the ogre.
The ogre looks as sick as possible!
The ogre is moderately wounded.
There is a staircase leading out of the dungeon here.
Throw: 3 darts (poison)
Press: ? - help, Q - select action Shift-Dir - straight line, f/p - ogre
Aim: an ogre, wielding a +0 giant club (heavily wounded, extremely poisoned, slow, 77% to hit)
You throw a poisoned dart.
The poisoned dart completely misses the ogre.
The poisoned dart hits the hound.
The hound is poisoned.
You barely miss the ogre.
The ogre is severely wounded.
You hit the ogre.
You kill the ogre!
Your Fighting skill increases to level 5!
Your Short Blades skill increases to level 8!
Your Dodging skill increases to level 5!
Your Stealth skill increases to level 10!
You have reached level 5!
You feel clever.
You regained 2 hp, and now have 10/35 hp.
MP restored: 5 You closely miss the hound.
The hound is lightly wounded.
The hound completely misses you.
You barely miss the hound.
The hound is lightly wounded.
The hound barely misses you.
You barely miss the hound.
The hound is lightly wounded.
The hound barely misses you.
You closely miss the hound.
The hound is moderately wounded.
The hound barely misses you.
You hit the hound.
The hound is heavily wounded.
The hound looks more healthy.
You closely miss the hound.
The hound is heavily wounded.
The hound barely misses you.
You barely miss the hound.
The hound is heavily wounded.
The hound completely misses you.
You hit the hound.
The hound is almost dead.
The hound barely misses you.
You hit the hound.
You kill the hound!
Your Short Blades skill increases to level 9!
You have reached level 6!
Your experience leads to an increase in your attributes!
Increase (S)trength, (I)ntelligence, or (D)exterity?
You feel agile.
MP restored: 6
Things that are here:
a +0 giant club; a hound corpse; an ogre corpse You see here a poisoned dart.
You close the door, pushing everything out of the way.
A phantom opens the door.
Things that are here:
a +0 giant club; a hound corpse; an ogre corpse
There is a staircase leading out of the dungeon here.
Okay, then.
Things that are here:
a +0 giant club; a hound corpse; an ogre corpse
There is a staircase leading out of the dungeon here.
You barely miss the phantom. The phantom closely misses you.
You hit the phantom.
The phantom is lightly damaged.
You hit the phantom.
The phantom is moderately damaged.
The phantom misses you.
You miss the phantom.
The phantom is moderately damaged.
You hit the phantom.
The phantom is moderately damaged.
The phantom closely misses you.
You hit the phantom.
The phantom is heavily damaged.
You hit the phantom but do no damage.
The phantom is heavily damaged.
The phantom hits you!
* * * LOW HITPOINT WARNING * * *
You take 7 damage, and have 7/40 hp.
You miss the phantom.
The phantom is heavily damaged.
You hit the phantom.
The phantom is heavily damaged.
The phantom hits you!
You die...

▓▓▓
▓@▓
▓W▓
▓Z▓
▓(▓
▓'▓
▓(▓
▓(▓
▓(▓
▓(▓


You could see a phantom and a bat zombie.

Vanquished Creatures
  2 ogres (D)
  A hound (D)
  2 bats (D)
  An endoplasm (D)
  2 goblins (D)
8 creatures vanquished.

Notes
Turn   | Place    | Note
-------+----------+-------------------------------------------
     0 | D        | SkeletonJelly the Kobold Brigand began the quest for the
                  | Orb.
     0 | D        | Reached XP level 1. HP: 12/12 MP: 1/1
    16 | D        | Reached skill level 6 in Stealth
    18 | D        | Reached XP level 2. HP: 16/18 MP: 2/2
    53 | D        | Noticed an ogre
    53 | D        | Noticed an ogre
    65 | D        | Killed an ogre
    66 | D        | Reached skill level 9 in Stealth
    66 | D        | Reached XP level 3. HP: 6/24 MP: 3/3
    66 | D        | Reached XP level 4. HP: 7/29 MP: 4/4
    66 | D        | Noticed a phantom
    76 | D        | Killed an ogre
    77 | D        | Reached skill level 5 in Fighting
    77 | D        | Reached skill level 5 in Dodging
    77 | D        | Reached skill level 10 in Stealth
    77 | D        | Reached XP level 5. HP: 10/35 MP: 5/5
    86 | D        | Reached XP level 6. HP: 12/40 MP: 6/6
   103 | D        | Slain by a phantom

Illustrated notes

Levels and vault maps discovered:
D:        linesprint [early_d, line_temple, items_1, d_10, items_2, lair_1,
          lair_end, items_3, orc_1, orc_end, items_4, d_15, swamp_1, shoals_1,
          snake_1, spider_1, d_20, vaults_1, items_5, swamp_end, shoals_end,
          snake_end, spider_end, vaults_end, d_27, items_6, zot_1, zot_end,
          crypt_end, forest_end, elf_end, slime_end, tomb_end, abyss_end,
          pan_hell_end]

Skill      XL: |  1  2  3  4  5 |
---------------+----------------+-----
Short Blades   | 3 7 8 9 |  9.1
Dodging        | 2 4 5 |  5.6
Stealth        | 6 9 10 | 10.8
Fighting       | 4 5 |  5.4
Throwing       | |  2.1

Action                   |  1- 3 |  4- 6 || total
-------------------------+-------+-------++-------
Melee: Dagger            |    13 |    20 ||    33
Throw: Dart              |     4 |     4 ||     8
 Stab: Sleeping          |     1 |       ||     1
Armor: Robe              |     4 |       ||     4
Dodge: Dodged            |     6 |    11 ||    17

Table legend: (Time is in decaauts)
 A = Elapsed time spent in this place.
 B = Non-inter-level travel time spent in this place.
 C = Inter-level travel time spent in this place.
 D = Time resting spent in this place.
 E = Time spent auto-exploring this place.
 F = Levels seen in this place.
 G = Mean time per level.
                   A        B        C        D        E       F      G
               +--------+--------+--------+--------+--------+-----+--------+
         Total |     91 |     91 |      0 |      0 |     38 |   1 |   91.0 |
       Dungeon |     91 |     91 |      0 |      0 |     38 |   1 |   91.0 |
               +--------+--------+--------+--------+--------+-----+--------+

Top non-repeatable levels by time:
       D: 91 daAuts
